 Dungeon Sprint DCSS version 0.22-a0-135-g6f012ad (webtiles) character file.

15 theanonym the Chopper (level 2, -1/24 HPs)
             Began as a Formicid Fighter on Jan 31, 2018.
             Was an Initiate of Makhleb.
             Slain by a naga
             ... wielding a +1 halberd of venom
              (3 damage)
             ... in the Dungeon (Sprint V: "Ziggurat Sprint").
             The game lasted 00:01:02 (102 turns).

theanonym the Chopper (Formicid Fighter)             Turns: 102, Time: 00:01:03

Health: -1/24      AC: 18    Str: 32    XL:     2   Next: 65%
Magic:  2/2        EV: -4    Int:  7    God:    Makhleb [......]
Gold:   0          SH: 28    Dex: 10    Spells: 1/1 levels left

rFire    + . .     SeeInvis +   F - +5 executioner's axe
rCold    + . .     Gourm    .   H - +18 shield of the Gong {rElec rN+ MR+ EV-5}
rNeg     + . .     Faith    .   G - +5 gold dragon scales {23 rF+ rC+ rPois}
rPois    +         Spirit   .   (helmet unavailable)
rElec    +         Reflect  .   (no cloak)
rCorr    .         Harm     .   (no gloves)
MR       +....                  (no boots)
Stlth    ..........             (no amulet)
HPRegen  0.08/turn              z - +6 ring of strength
MPRegen  0.08/turn              A - +6 ring of strength

@: constricted
A: permanent stasis, dig shafts and tunnels, four strong arms, antennae 3
a: Dig, Renounce Religion


Innate Abilities, Weirdness & Mutations

You cannot be hasted, slowed, berserked, paralysed or teleported.
You can dig through walls and to a lower floor.
Your four strong arms can wield two-handed weapons with a shield.
You have a pair of large antennae on your head. (SInv)


   Skills:
 + Level 3.4 Fighting
 * Level 7.8 Axes
 + Level 3.4 Armour
 + Level 3.8 Shields


You had one spell level left.
You didn't know any spells.

Skill      XL: |  1 |
---------------+----+-----
Axes           | 7 |  7.8
Fighting       | |  3.4
Armour         | |  3.4
Shields        | |  3.8

Action                   || total
-------------------------++-------
Melee: Executioner's axe ||     8
  Use: Potion            ||     1
Armor: Gold dragon scale ||     2
Block: Shield            ||    11

Inventory:

Hand Weapons
 a - a +0 war axe
 F - a +5 executioner's axe (weapon)
   (You found it in the Dungeon)
Armour
 b - a +0 scale mail {10}
 c - a +0 shield
 G - +5 gold dragon scales (worn) {23 rF+ rC+ rPois}
   (You found it in the Dungeon)
 H - the +18 shield of the Gong (worn) {rElec rN+ MR+ EV-5}
   (You found it in the Dungeon)

   It affects your evasion (-5).
   It insulates you from electricity.
   It protects you from negative energy.
   It affects your resistance to hostile enchantments.
Jewellery
 u - a +6 ring of dexterity
   (You found it in the Dungeon)
 x - a +6 ring of intelligence
   (You found it in the Dungeon)
 y - a +6 ring of intelligence
   (You found it in the Dungeon)
 z - a +6 ring of strength (left hand)
   (You found it in the Dungeon)
 A - a +6 ring of strength (right hand)
   (You found it in the Dungeon)
 E - a +6 ring of dexterity
   (You found it in the Dungeon)
Wands
 v - a wand of acid (7)
   (You found it in the Dungeon)
 C - a wand of disintegration (7)
   (You found it in the Dungeon)
 D - a wand of iceblast (7)
   (You found it in the Dungeon)
Scrolls
 f - 7 scrolls of fog
 n - 4 scrolls of amnesia
 p - a scroll of holy word
 r - 5 scrolls of identify
 s - 5 scrolls of remove curse
 t - 2 scrolls of fear
 B - 4 scrolls of blinking
Potions
 d - 2 potions of brilliance
 g - 4 potions of resistance {rF+ rC+}
 h - 6 potions of haste
 i - 7 potions of magic
 j - 5 potions of agility
 l - 3 potions of berserk rage
 m - 6 potions of might
 o - 2 potions of invisibility
 q - 10 potions of heal wounds
 w - 10 potions of curing
Comestibles
 e - 7 rations You were in the Dungeon. You worshipped Makhleb. Makhleb was noncommittal. You were not hungry. You visited 1 branch

Dungeon Overview and Level Annotations

Branches:
Dungeon (1/1)

Altars:
Ashenzari
Cheibriados
Dithmenos
Elyvilon
Fedhas
Gozag
Hepliaklqana
Kikubaaqudgha
Makhleb
Nemelex Xobeh
Okawaru
Qazlal
Ru
Sif Muna
Trog
Uskayaw
Vehumet
Wu Jian
Xom
Yredelemnul
Zin
The Shining One
Beogh
Jiyva
Lugonu

Annotations:
D 1 transporter

▓▓▓▓▓▓▓
▓.8©8.▓
{{
▓.....▓
▓.".=.▓
▓..†N.▓
▓..@..▓
▓..©..▓
▓▓▓▓▓▓▓
{{{ { {


You could see a naga.

Notes
Turn   | Place    | Note
-------+----------+-------------------------------------------
     0 | D        | Found the +6 Majin-Bo {vamp, Archmagi MP+6 Int+6}
     0 | D        | Found the +7 great mace "Firestarter" {inner flame, rF++}
     0 | D        | theanonym the Formicid Fighter began the quest for the Orb.
     0 | D        | Reached XP level 1. HP: 18/18 MP: 1/1
     0 | D        | Found a deep blue altar of Sif Muna.
     0 | D        | Found a sacrificial altar of Ru.
     0 | D        | Found a bloodstained altar of Trog.
     0 | D        | Found a stormy altar of Qazlal.
     0 | D        | Found an iron altar of Okawaru.
     0 | D        | Found a sparkling altar of Nemelex Xobeh.
     0 | D        | Found a blossoming altar of Fedhas.
     2 | D        | Found a transporter.
     2 | D        | Found an ancient bone altar of Kikubaaqudgha.
     2 | D        | Found a viscous altar of Jiyva.
     2 | D        | Found a corrupted altar of Lugonu.
     2 | D        | Found a hazy altar of Hepliaklqana.
     2 | D        | Found a burning altar of Makhleb.
     2 | D        | Found an opulent altar of Gozag.
    19 | D        | Found the +9 heavy crossbow "Sniper" {velocity, Acc+∞ SInv}
    19 | D        | Found the +10 dark maul {crush}
    19 | D        | Found the +15 Maxwell's patent armour {-Cast -Tele rElec MR+ rCorr}
    19 | D        | Found the +18 shield of the Gong {rElec rN+ MR+ EV-5}
    19 | D        | Found the cursed +14 obsidian axe {chop, +Fly SInv *Curse}
    20 | D        | Found the +11 plutonium sword {*Contam Stlth-}
    20 | D        | Found the +8 lance "Wyrmbane" {slay drac, rPois rF+ rC+ AC+3}
    20 | D        | Found the +9 sword of Zonguldrok {reap}
    20 | D        | Found the cursed +13 scythe of Curses {drain, *Curse}
    20 | D        | Found the +0 sword of Power
    20 | D        | Found the -4 mace of Variability {chaos}
    20 | D        | Found the +7 Singing Sword
    20 | D        | Found the +7 longbow "Piercer" {penet, EV-2}
    79 | D        | Became a worshipper of Makhleb the Destroyer
    87 | D        | Reached skill level 7 in Axes
    87 | D        | Reached XP level 2. HP: 24/24 MP: 2/2
    93 | D        | Entered arena 2.
    93 | D        | Noticed a naga
    93 | D        | Found a transporter.
    94 | D        | Found the cursed necklace of Bloodlust {*Rage +Rage MR++ Int-3 Slay+6 *Curse}
   100 | D        | HP: 4/24 [naga/halberd of venom (19)]
   102 | D        | Slain by a naga

Vanquished Creatures
  An adder (D)
1 creature vanquished.

Table legend:
 A = Turns spent in this place as a percentage of turns spent in the entire game.
 B = Non-inter-level travel turns spent in this place as a percentage of non-inter-level travel turns spent in the entire game.
 C = Inter-level travel turns spent in this place as a percentage of turns spent in this place.
 D = Turns resting spent in this place as a percentage of non-inter-level travel turns spent in this place.
 E = Turns spent auto-exploring this place as a percentage of non-inter-level travel turns spent in this place.
 F = Non-inter-level travel turns spent in this place divided by the number of levels of this place that you've seen.
                   A       B       C       D       E      F
               +-------+-------+-------+-------+-------+----------------------
         Total | 100.0 | 100.0 |   0.0 |   0.0 |  22.5 | 102.0
       Dungeon | 100.0 | 100.0 |   0.0 |   0.0 |  22.5 | 102.0
               +-------+-------+-------+-------+-------+----------------------
